 Dungeon Crawl Stone Soup version 0.30.1-9-gdf580d7c3d (webtiles) character file.

Game seed: 15146803333477094222

616457 samai96 the Skullcrusher (level 26, -4/239 HPs)
             Began as a Minotaur Monk on Sept 12, 2023.
             Was the Champion of the Shining One.
             Slain by a rockslime (17 damage)
             ... on level 5 of the Pits of Slime on Sept 27, 2023.
             The game lasted 06:22:47 (70392 turns).

samai96 the Skullcrusher (Minotaur Monk)           Turns: 70392, Time: 06:22:48

Health: -4/239     AC: 13    Str: 14      XL:     26   Next: 91%
Magic:  6/9        EV: 26    Int:  9      God:    the Shining One [******]
Gold:   6710       SH: 32    Dex: 26 (27) Spells: 25/25 levels left

rFire   + + .        b - +9 eveningstar (protect)
rCold   + . .        p - +2 kite shield {AC+3}
rNeg    + + +        t - +5 chain mail of Zann {rF++ Stlth+}
rPois   .            (helmet restricted)
rElec   +            l - +1 cloak of Starlight {*Dazzle EV+4 Stlth--}
rCorr   .            m - -1 pair of gloves of Mubau {rF+ Will+ MP-9}
SInv    .            g - +1 pair of boots
Will    ++...        U - amulet of regeneration
Stlth   +            C - ring of protection from cold
HPRegen 0.00/turn    D - ring "Kaucrergh" {rElec MP-9 Int+2 Dex+6 Stlth+}
MPRegen 0.11/turn

%: clarity
@: divinely shielded, corroded, inhibited regen, glowing, studying 6 skills
A: horns 2, retaliatory headbutt, iridescent scales 1, clarity, clumsy 1,
deformed body, deterioration 2, frail 1, low MP 1, inhibited regeneration, weak
2, heat vulnerability 1, subdued magic 1
}: 3/15 runes: decaying, serpentine, silver
a: Renounce Religion, Divine Shield, Cleansing Flame, Summon Divine Warrior


You were on level 5 of the Pits of Slime.
You worshipped the Shining One.
The Shining One was exalted by your worship.
You visited 12 branches of the dungeon, and saw 53 of its levels.
You visited the Abyss 2 times.
You also visited: Ossuary, Bailey, Gauntlet and Ice Cave.

You collected 10550 gold pieces.
You spent 3840 gold pieces at shops.

Inventory:

Hand Weapons
 a - a +9 sacred scourge of holy wrath
 b - a +9 eveningstar of protection (weapon)
Missiles
 d - 8 silver javelins
 Q - 18 javelins (quivered)
 Z - 4 curare-tipped darts
Armour
 g - a +1 pair of boots (worn)
 l - the +1 cloak of Starlight (worn) {*Dazzle EV+4 Stlth--}
   (You found it in a Gauntlet)

   *Dazzle:   It may blind those who miss an attack against the wearer in melee
   combat.
   EV:        It affects your evasion (+4).
   Stlth:     It makes you much less stealthy.
 m - the -1 pair of gloves of Mubau (worn) {rF+ Will+ MP-9}
   (Okawaru gifted it to you on level 8 of the Dungeon)

   rF:        It protects you from fire.
   MP:        It affects your magic capacity (-9).
   Will:      It increases your willpower.
 p - a +2 kite shield of protection (worn)
 t - the +5 chain mail of Zann (worn) {rF++ Stlth+}
   (You found it on level 5 of the Lair of Beasts)

   rF:        It greatly protects you from fire.
   Stlth:     It makes you more stealthy.
Jewellery
 f - a ring of willpower
 i - a +6 ring of intelligence
 y - a ring of see invisible
 C - a ring of protection from cold (left hand)
 D - the ring "Kaucrergh" (right hand) {rElec MP-9 Int+2 Dex+6 Stlth+}
   (You found it in an ice cave)

   [ring of dexterity]

   Int:       It affects your intelligence (+2).
   Dex:       It affects your dexterity (+6).
   rElec:     It insulates you from electricity.
   MP:        It affects your magic capacity (-9).
   Stlth:     It makes you more stealthy.
 F - a ring of positive energy
 J - the ring "Meihuf" {Int+3 Dex+6}
   (You found it on level 3 of the Elven Halls)

   [ring of dexterity]

   Int:       It affects your intelligence (+3).
   Dex:       It affects your dexterity (+6).
 M - a +6 ring of intelligence
 R - a ring of flight
 U - an amulet of regeneration (around neck)
Wands
 c - a wand of digging (22)
 h - a wand of roots (80)
 o - a wand of polymorph (6)
 r - a wand of charming (7)
 B - a wand of light (25)
 V - a wand of flame (54)
 W - a wand of mindburst (17)
Scrolls
 j - 7 scrolls of blinking
 s - 19 scrolls of teleportation
 v - a scroll of summoning
 x - 15 scrolls of fog
 z - 2 scrolls of poison
 A - 3 scrolls of fear
 I - 9 scrolls of magic mapping
 O - 8 scrolls of immolation
Potions
 e - 12 potions of cancellation
 k - 22 potions of curing
 n - 2 potions of heal wounds
 q - 4 potions of magic
 u - 5 potions of mutation
 G - 2 potions of might
 H - 2 potions of resistance
 L - 11 potions of flight
 P - 7 potions of lignification
 S - 3 potions of haste
 T - 3 potions of ambrosia
Miscellaneous
 X - a piece from Xom's chessboard (15/15)


   Skills:
 O Level 27 Fighting
 O Level 27 Maces & Flails
 - Level 10.0 Throwing
 - Level 22.0 Armour
 - Level 22.0 Dodging
 - Level 10.0 Stealth
 + Level 25.7 Shields
 - Level 11.0 Invocations


You had 25 spell levels left.
You didn't know any spells.
Your spell library contained the following spells:

 Spells                   Type           Power      Damage    Failure   Level
 Foxfire                  Conj/Fire      0%         2x1d4     87%         1
 Freeze                   Ice            0%         1d3       87%         1
 Kiss of Death            Conj/Necr      0%         2d5       87%         1
 Magic Dart               Conj           0%         1d3       87%         1
 Shock                    Conj/Air       0%         1d3       87%         1
 Summon Small Mammal      Summ           0%         N/A       87%         1
 Blink                    Tloc           0%         N/A       95%         2
 Ensorcelled Hibernation  Hex/Ice        0%         N/A       95%         2
 Lesser Beckoning         Tloc           0%         N/A       95%         2
 Momentum Strike          Conj/Tloc      0%         3d8       95%         2
 Passwall                 Tmut/Erth      0%         N/A       95%         2
 Poisonous Vapours        Pois/Air       0%         N/A       95%         2
 Scorch                   Fire           0%         2d5       95%         2
 Searing Ray              Conj           0%         2d4       95%         2
 Sublimation of Blood     Necr           0%         N/A       95%         2
 Wereblood                Tmut           0%         N/A       95%         2
 Call Canine Familiar     Summ           0%         N/A       99%         3
 Confusing Touch          Hex            0%         N/A       99%         3
 Dazzling Flash           Conj/Hex       0%         N/A       99%         3
 Gell's Gravitas          Tloc           0%         N/A       99%         3
 Hailstorm                Conj/Ice       0%         3d3       99%         3
 Ignite Poison            Fire/Tmut/Pois 0%         N/A       99%         3
 Mephitic Cloud           Conj/Pois/Air  0%         N/A       99%         3
 Ozocubu's Armour         Ice            0%         N/A       99%         3
 Portal Projectile        Hex/Tloc       0%         N/A       99%         3
 Spider Form              Tmut/Pois      0%         N/A       99%         3
 Stone Arrow              Conj/Erth      0%         3d7       99%         3
 Summon Guardian Golem    Hex/Summ       0%         N/A       99%         3
 Swiftness                Air            0%         N/A       99%         3
 Teleport Other           Tloc           0%         N/A       99%         3
 Tukima's Dance           Hex            0%         N/A       99%         3
 Vhi's Electric Charge    Tloc/Air       0%         N/A       99%         3
 Airstrike                Air            0%         2d(0-16)  100%        4
 Anguish                  Hex/Necr       0%         N/A       100%        4
 Animate Armour           Summ/Erth      0%         N/A       100%        4
 Cause Fear               Hex            0%         N/A       100%        4
 Dispel Undead            Necr           0%         3d6       100%        4
 Flame Wave               Conj/Fire      0%         2d4       100%        4
 Fulminant Prism          Conj/Hex       0%         3d5       100%        4
 Leda's Liquefaction      Hex/Erth       0%         N/A       100%        4
 Manifold Assault         Tloc           0%         N/A       100%        4
 Olgreb's Toxic Radiance  Pois           0%         N/A       100%        4
 Passage of Golubria      Tloc           0%         N/A       100%        4
 Petrify                  Tmut/Erth      0%         N/A       100%        4
 Sticky Flame             Conj/Fire      0%         2d3       100%        4
 Summon Lightning Spire   Summ/Air       0%         N/A       100%        4
 Agony                    Necr           0%         N/A       100%        5
 Alistair's Intoxication  Tmut/Pois      0%         N/A       100%        5
 Arcjolt                  Conj/Air       0%         1d10      100%        5
 Fireball                 Conj/Fire      0%         3d3       100%        5
 Freezing Cloud           Conj/Ice/Air   0%         6-21      100%        5
 Irradiate                Conj/Tmut      0%         3d11      100%        5
 Iskenderun's Battlesphe  Conj           0%         2d6       100%        5
 Lee's Rapid Deconstruct  Erth           0%         3d4*      100%        5
 Metabolic Englaciation   Hex/Ice        0%         N/A       100%        5
 Silence                  Hex/Air        0%         N/A       100%        5
 Summon Forest            Summ/Tloc      0%         N/A       100%        5
 Yara's Violent Unravell  Hex/Tmut       0%         3d3       100%        5
 Conjure Ball Lightning   Conj/Air       0%         3x3d6     100%        6
 Dispersal                Tloc           0%         N/A       100%        6
 Eringya's Noxious Bog    Tmut/Pois      0%         N/A       100%        6
 Plasma Beam              Fire/Air       0%         2x1d11    100%        6
 Starburst                Conj/Fire      0%         6d3       100%        6
 Statue Form              Tmut/Erth      0%         N/A       100%        6
 Summon Cactus Giant      Summ           0%         N/A       100%        6
 Enfeeble                 Hex            0%         N/A       100%        7
 Orb of Destruction       Conj           0%         9d5       100%        7
 Ozocubu's Refrigeration  Ice            0%         4d7       100%        7
 Spellforged Servitor     Conj/Summ      0%         N/A       100%        7
 Storm Form               Tmut/Air       0%         N/A       100%        7
 Summon Hydra             Summ           0%         N/A       100%        7
 Disjunction              Tloc           0%         N/A       100%        8
 Ignition                 Fire           0%         3d3       100%        8
 Lehudib's Crystal Spear  Conj/Erth      0%         10d2      100%        8
 Maxwell's Capacitive Co  Air            0%         ∞         100%        8
 Chain Lightning          Conj/Air       0%         N/A       100%        9
 Polar Vortex             Ice            0%         N/A       100%        9


Dungeon Overview and Level Annotations

Branches:
Dungeon (15/15)            Temple (1/1) D:7            Lair (5/5) D:11
  Swamp (4/4) Lair:3        Snake (4/4) Lair:2        Slime (5/5) Lair:5
    Orc (2/2) D:10            Elf (3/3) Orc:2        Vaults (5/5) D:13
  Crypt (3/3) Vaults:3       Tomb (0/3) Crypt:3      Depths (4/4) D:15
    Zot (2/5) Depths:4    Ossuary (visited)          Bailey (visited)
  IceCv (visited)         Gauntlet (visited)

Altars:
Ashenzari
Cheibriados
Dithmenos
Elyvilon
Fedhas
Gozag
Hepliaklqana
Kikubaaqudgha
Makhleb
Nemelex Xobeh
Okawaru
Qazlal
Ru
Sif Muna
Trog
Uskayaw
Vehumet
Wu Jian
Xom
Yredelemnul
Zin
The Shining One

Shops:
D:2 (   D:7 ?(   D:11 [   Orc:2 [*[!   Elf:2 !   Snake:2 (   Snake:3 ([!?:
Snake:4 :==

Portals:
Hell: Depths:2 Depths:3 Depths:4
Abyss: Depths:3 Depths:4
Pandemonium: Depths:2
Ziggurat: Depths:1
Trove: D:12 (give +5 demon blade)

Annotations:
Lair:4 exclusion: downstairs
Lair:5 exclusion: 3 oklob plants
Swamp:4 exclusion: oklob plant
Orc:1 exclusion: 3 doors
Elf:2 1 runed translucent door, exclusions: door and 1 more exclusion
Vaults:1 1 transporter
Vaults:3 3 runed translucent doors, exclusion: obsidian statue, Switch's ghost, veteran DDFi
Depths:1 exclusions: 3 hell hogs and hell knight
Depths:2 exclusion: 4 doors
Zot:2 Tiamat


Innate Abilities, Weirdness & Mutations

You have a pair of horns on your head.
You reflexively headbutt those who attack you in melee.
You are partially covered in iridescent scales. (AC +2)
You possess an exceptional clarity of mind.
You are clumsy. (Dex -2)
Armour fits poorly on your strangely shaped body.
Your body often deteriorates upon taking damage.
You are frail. (-10% HP)
Your magical capacity is low. (-10% MP)
You do not regenerate when monsters are visible.
You are very weak. (Str -4)
You are vulnerable to heat. (rF-)
Your spells are a little easier to cast, but a little less powerful.


Message History

The acid blob jiggles.
The acid blob spits acid at you. The splash of acid misses you.
The acid blob spits acid at you. The splash of acid hits you!!
* * * LOW HITPOINT WARNING * * *
The rockslime attacks as you move away! You block the rockslime's attack.
The rockslime attacks as you move away! The rockslime hits you!!
* * * LOW HITPOINT WARNING * * *
You feel much better. The rockslime barely misses you.
You block the rockslime's attack. The rockslime attacks as you move away!
The rockslime hits you!
* * * LOW HITPOINT WARNING * * *
The rockslime jiggles.
Your shield is strengthened by the Shining One's divine power.
The acid blob completely misses you. You furiously retaliate!
You headbutt the acid blob, but do no damage.
The rockslime hits you!
* * * LOW HITPOINT WARNING * * *
You stumble backwards!
Read: 4 scrolls of fear
Press: ? - help, Q - select action, (/) - cycle Dir - look around, f - activate Look: an acid blob (haloed, chance to affect: 6%)
As you read the scroll of fear, it crumbles to dust.
You assume a fearsome visage.
The acid blob resists with almost no effort.
The acid blob resists with some effort.
The rockslime resists with almost no effort.
You block the rockslime's attack.
You feel much better. The acid blob hits you!!
* * * LOW HITPOINT WARNING * * *
Your body deteriorates!
You feel clumsy. The acid corrodes you!
You are splashed with acid!
* * * LOW HITPOINT WARNING * * *
The rockslime closely misses you. You furiously retaliate!
You headbutt the rockslime! The acid blob spits acid at you.
You block the splash of acid. You block the acid blob's attack.
The rockslime hits you!
You die...

,,**,,**,,,##...............,,***
,,,*,**,,,##................,,*
*,**,,**,##.................*,**
*****,***#..................,*,*
,,,,,,,,,.................#.,,,*
,,,,,,,,,.................##*,,*
,,,,,,,,,..................#****
,,,,,,,,,......JJJ.........#
,,,,,,,,,.......@........###
,,,,,,,,,.............##.#
,,,,,,,,,........<..#.#*##
,,,,,,,,,...........###
,,,,,,,,,...........#
,,,,,,,,,...........#
,,,,,,,,,..........##
,,,,,,,,,.........##
,,,,,,,,,,.......##


You could see 2 acid blobs and a rockslime.

Vanquished Creatures
  the Royal Jelly (Slime:5)
  A dread lich (Vaults:4)
  An ancient lich (Vaults:5)
  4 juggernauts
  Vv (Depths:3)
  Margery (Arena)
  Boris (Depths:3)
  A Killer Klown (Zot:2)
  Saint Roka (Snake:3)
  Frederick (Crypt:3)
  A curse toe (Zot:1)
  2 caustic shrikes
  6 golden dragons
  A bone dragon (Abyss:2)
  the Enchantress (Arena)
  12 tentacled monstrosities
  3 walking crystal tomes
  A Hell Sentinel (Abyss:2)
  10 deep elf blademasters
  3 walking earthen tomes (Depths:3)
  13 liches
  A walking divine tome (Depths:3)
  21 titans
  3 quicksilver dragons
  A sphinx (Vaults:3)
  5 deep elf master archers
  2 death cobs (Zot:1)
  15 acid blobs
  5 ancient champions
  5 thorn hunters
  5 tengu reavers
  3 tentacled starspawn (Abyss:2)
  10 shadow dragons
  A fenstrider witch (Swamp:4)
  10 azure jellies
  7 rockslimes
  Roxanne (Elf:1)
  4 nagarajas (Snake:4)
  13 storm dragons
  2 draconian monks
  6 revenants
  24 frost giants
  19 vault wardens
  A draconian knight (Zot:1)
  21 fire giants
  4 spectral caustic shrikes (Depths:2)
  An iron dragon (Elf:1)
  10 deep elf sorcerers
  A draconian scorcher (Zot:1)
  A ghoul (Crypt:2)
  A balrug (D:13)
  4 draconian shifters (Zot:1)
  A spectral juggernaut (Crypt:3)
  3 curse skulls (Crypt:3)
  5 spriggan defenders
  12 quicksilver oozes
  4 deep elf elementalists (Elf:3)
  3 cacodemons
  An orc warlord (Elf:2)
  12 ironbound preservers
  2 juggernaut skeletons
  7 war gargoyles
  24 very ugly things
  3 draconian stormcallers
  A draconian annihilator (Depths:4)
  6 ironbound thunderhulks
  29 stone giants
  11 deep elf annihilators
  8 deep elf demonologists
  15 vampire knights
  6 green draconians
  2 black draconians (Zot:1)
  9 purple draconians
  2 eleionomae
  13 spark wasps
  10 yellow draconians
  A black draconian (shapeshifter) (Zot:1)
  Azrael (D:14)
  2 yellow draconians (shapeshifter) (Zot:1)
  3 white draconians
  6 bunyips
  8 red draconians
  A minotaur (Gauntlet)
  2 merfolk javelineers
  14 ettins
  2 merfolk impalers (Depths:2)
  A blizzard demon (D:13)
  3 crystal guardians
  17 fire dragons
  8 eidola
  Josephine (D:11)
  2 green deaths (D:13)
  7 deep elf high priests
  3 entropy weavers
  6 jiangshi
  A quicksilver dragon zombie (Crypt:3)
  A spectral spriggan (Crypt:3)
  10 deep elf death magi
  A shambling mangrove (Swamp:4)
  13 yaktaur captains
  A salamander tyrant (Snake:2)
  A spectral fenstrider witch (Crypt:3)
  10 spriggan air magi
  10 great orbs of eyes
  28 vault guards
  A fenstrider witch zombie (Crypt:2)
  11 rakshasas
  9 hydras
  15 ice dragons
  13 anacondas
  3 peacekeepers
  4 ghost crabs
  8 death knights
  A spriggan skeleton (Depths:3)
  11 ironbound frosthearts
  4 catoblepae
  6 centaur warriors
  4 boulder beetles
  7 ogre magi
  Erica (D:8)
  An azure jelly zombie (Crypt:3)
  A fenstrider witch skeleton (Crypt:1)
  An Orb Guardian skeleton (Crypt:2)
  18 dancing weapons
  29 two-headed ogres
  13 naga warriors
  9 tengu warriors
  7 death yaks (Lair:5)
  5 alligators
  9 deep troll earth magi
  6 deep troll shamans
  13 naga sharpshooters
  7 vampire magi
  A spectral naga (Crypt:3)
  7 spriggan berserkers
  A two-headed ogre (shapeshifter) (D:11)
  3 hell hogs (Abyss:2)
  Urug (Lair:5)
  2 death scarabs (Gauntlet)
  5 orc high priests
  A thrashing horror (Abyss:2)
  17 hell knights
  3 sun demons
  23 deep elf knights
  2 wretched stars (Abyss:2)
  7 soul eaters
  5 shock serpents
  A fire crab (shapeshifter) (Vaults:3)
  2 salamander mystics (Snake:2)
  A skyshark (shapeshifter) (D:15)
  11 skeletal warriors
  6 iron trolls
  A storm dragon skeleton (Vaults:5)
  A sixfirhy (Abyss:2)
  9 sea snakes (Snake:4)
  2 skysharks
  13 shadow wraiths (Crypt:3)
  4 goliath frogs
  5 naga ritualists
  A death drake (shapeshifter) (Vaults:5)
  4 glowing orange brains
  A goliath frog (shapeshifter) (Zot:1)
  12 swamp dragons
  44 deep trolls
  3 bog bodies
  A shadow demon (Abyss:2)
  A bunyip skeleton (Crypt:2)
  2 golden dragon skeletons
  4 spriggan druids
  20 ironbound convokers
  5 steelbarb worms (Swamp:4)
  8 flayed ghosts
  35 deep elf archers
  An orange crystal statue (IceCv)
  Pikel (D:8)
  A tengu zombie (Depths:3)
  6 lindwurms
  8 wizards
  5 harpies
  10 necromancers
  4 spectral hydras
  A steelbarb worm (shapeshifter) (Vaults:5)
  30 deep elf pyromancers
  43 deep elf zephyrmancers
  14 orc knights
  31 phantasmal warriors
  3 worldbinders
  4 orc sorcerers
  7 shining eyes
  A stone giant zombie (Abyss:2)
  18 cyclopes
  A shadow dragon skeleton (Depths:3)
  10 mana vipers
  7 manticores
  A sphinx skeleton (Depths:3)
  A frost giant zombie (Depths:3)
  50 ugly things
  6 elephants (Lair:2)
  A cyclops (shapeshifter) (Vaults:5)
  16 salamanders
  5 will-o-the-wisps
  A dire elephant zombie (Crypt:1)
  25 naga magi
  2 rust devils (D:13)
  A naga zombie (Crypt:1)
  2 spectral centaurs (Crypt:3)
  Maurice (D:8)
  A jorogumo skeleton (Crypt:3)
  An alligator snapping turtle zombie (Crypt:1)
  10 moths of wrath
  15 vault sentinels
  43 black mambas
  6 smoke demons
  A guardian serpent (shapeshifter) (D:13)
  4 orange demons
  Joseph (Lair:1)
  3 storm dragon simulacra (IceCv)
  13 guardian serpents
  A titan simulacrum (Depths:3)
  A gargoyle (D:10)
  A white draconian zombie (Crypt:3)
  5 cane toads
  5 eyes of devastation
  4 kobold demonologists
  2 rime drakes
  2 unseen horrors
  An ice devil (D:13)
  39 yaktaurs
  15 freezing wraiths
  4 komodo dragons
  A catoblepas skeleton (Crypt:2)
  2 ancient zymes (Abyss:2)
  A white draconian skeleton (Crypt:1)
  6 tengu conjurers
  A red devil (D:13)
  10 trolls
  7 golden dragon simulacra (IceCv)
  2 hydra zombies (Swamp:4)
  10 meliai
  7 harpy zombies
  A hellwing (D:13)
  A death drake zombie (Crypt:1)
  4 polar bears
  A tengu simulacrum (Vaults:5)
  A tarantella (shapeshifter) (Vaults:4)
  11 hornets
  A mana viper skeleton (Crypt:3)
  15 tyrant leeches
  A shadow dragon simulacrum (Depths:3)
  Prince Ribbit (D:7)
  6 raiju
  A hydra skeleton (Swamp:4)
  A spectral dream sheep (Gauntlet)
  7 blink frogs
  A human simulacrum (Crypt:1)
  4 death drake skeletons (Swamp:4)
  9 flying skulls (Crypt:3)
  A centaur simulacrum (D:15)
  106 slime creatures
  11 shadows
  27 water elementals
  A guardian serpent skeleton (Crypt:1)
  A small abomination (Abyss:2)
  An air elemental (Elf:1)
  7 spriggans
  5 wyverns
  2 vampires
  2 ynoxinuls (Abyss:2)
  21 wraiths
  51 yaks
  A golden eye (shapeshifter) (Depths:3)
  5 basilisks
  3 fire elementals
  5 golden eyes (Slime:2)
  4 redbacks
  7 neqoxecs (Abyss:2)
  2 chaos spawn
  A steam dragon (D:7)
  A harpy simulacrum (D:14)
  18 vampire mosquitoes
  41 nagas
  22 swamp worms
  8 wargs
  A glowing shapeshifter skeleton (Vaults:5)
  4 hell hounds (D:14)
  A skyshark zombie (Crypt:1)
  7 water moccasins
  Duvessa (D:6)
  3 hydra simulacra (Swamp:4)
  6 swamp drakes
  2 floating eyes
  An ice beast (D:5)
  49 orc warriors
  2 sky beasts (D:7)
  A black bear (Lair:3)
  36 ogres
  6 ice dragon simulacra (IceCv)
  5 boggarts
  3 swamp dragon zombies (Swamp:4)
  31 wolves
  3 large abominations
  A swamp dragon skeleton (Swamp:4)
  A lindwurm skeleton (Crypt:1)
  A snapping turtle skeleton (Crypt:1)
  11 centaurs
  2 phantoms
  Blork the orc (D:5)
  A kobold brigand (D:14)
  A salamander zombie (Crypt:3)
  11 bullfrogs
  3 gnoll sergeants (D:9)
  2 earth elementals
  A scorpion (D:5)
  A komodo dragon skeleton (Crypt:1)
  Dowan (D:6)
  5 lindwurm simulacra (IceCv)
  18 killer bees
  3 electric eels
  8 howler monkeys
  A wolf zombie (Crypt:3)
  4 lava snakes
  A polar bear skeleton (Crypt:3)
  3 centaur zombies (Ossuary)
  A basilisk zombie (Crypt:1)
  2 human zombies
  A gnoll bouda (D:7)
  2 hounds
  A jelly (D:5)
  26 orc priests
  9 starcursed masses
  11 iguanas
  A scorpion zombie (Crypt:2)
  14 orc wizards
  A boggart skeleton (Crypt:1)
  2 ogre zombies (Ossuary)
  7 mummies (Ossuary)
  7 adders
  24 gnolls
  A steam dragon skeleton (Crypt:1)
  3 white imps
  6 adder zombies (Ossuary)
  An iguana skeleton (Crypt:2)
  2 worms
  A dart slug (D:1)
  81 orcs
  10 endoplasms
  2 giant cockroaches
  A gnoll zombie (Ossuary)
  8 goblins
  10 hobgoblins
  6 jackals
  3 quokkas
  3 training dummies (Snake:2)
  11 ball pythons
  4 bats
  3 frilled lizards
  A frilled lizard skeleton (Crypt:2)
  3 goblin zombies (Ossuary)
  A hobgoblin zombie (Ossuary)
  A jackal skeleton (Crypt:2)
  16 kobolds
  7 kobold zombies (Ossuary)
  2 orc zombies
  A quokka zombie (Ossuary)
  8 rats
  4 rat zombies (Ossuary)
  A fire vortex (D:13)
  A starspawn tentacle (Abyss:2)
2635 creatures vanquished.

Vanquished Creatures (collateral kills)
  2 ghouls (Crypt:3)
  A deep elf pyromancer (Crypt:3)
  A shock serpent skeleton (Crypt:3)
  A necrophage (Crypt:3)
5 creatures vanquished.

Vanquished Creatures (others)
  A deep elf blademaster (Crypt:3)
  A deep elf master archer (Elf:3)
  A tentacled starspawn (Abyss:2)
  Nessos (Arena)
  A white draconian (Zot:2)
  A deep elf high priest (Vaults:5)
  A naga warrior (Snake:4)
  2 deep elf knights (Elf:1)
  A soul eater (Depths:1)
  2 wizards
  A deep elf pyromancer (Crypt:3)
  A swamp worm (Swamp:4)
  A small abomination (Abyss:2)
  A howler monkey (D:13)
  An orc priest (Elf:1)
  An orc wizard (Elf:1)
  2 orcs
  10 foxfires
  8 starspawn tentacles (Abyss:2)
38 creatures vanquished.

Grand Total: 2678 creatures vanquished

Notes
Turn   | Place    | Note
-------+----------+-------------------------------------------
     0 | D:1      | samai96 the Minotaur Monk began the quest for the Orb.
     0 | D:1      | Reached XP level 1. HP: 19/19 MP: 0/0
     6 | D:1      | Noticed a wolf
     6 | D:1      | Noticed a polar bear
     6 | D:1      | Noticed a rime drake
     7 | D:1      | Noticed a snapping turtle
     7 | D:1      | Noticed a lindwurm
   140 | D:1      | Reached XP level 2. HP: 25/26 MP: 1/1
   641 | D:1      | Reached skill level 5 in Maces & Flails
  1180 | D:1      | Reached XP level 3. HP: 31/31 MP: 2/2
  1378 | D:2      | Found Piplob's Weapon Boutique.
  1393 | D:1      | Reached XP level 4. HP: 31/39 MP: 3/3
  2029 | D:3      | Reached XP level 5. HP: 45/45 MP: 4/4
  2031 | D:3      | Found an iron altar of Okawaru.
  2040 | D:3      | Became a worshipper of Warmaster Okawaru
  2040 | D:3      | Reached * piety under Okawaru
  2040 | D:3      | Reached ** piety under Okawaru
  2192 | D:3      | Found a hazy altar of Hepliaklqana.
  2383 | D:3      | Found a snail-covered altar of Cheibriados.
  2620 | D:4      | Reached XP level 6. HP: 33/51 MP: 5/5
  3198 | D:5      | Entered Level 5 of the Dungeon
  3228 | D:5      | Reached skill level 1 in Invocations
  3278 | D:5      | Noticed Blork the orc
  3289 | D:5      | Killed Blork the orc
  3289 | D:5      | Reached *** piety under Okawaru
  3290 | D:5      | Reached XP level 7. HP: 33/57 MP: 5/7
  3290 | D:5      | Found a hide-covered altar of Uskayaw.
  3671 | D:5      | Found a white marble altar of Elyvilon.
  3964 | D:6      | Reached skill level 10 in Maces & Flails
  4001 | D:6      | Reached XP level 8. HP: 51/64 MP: 10/10
  4166 | D:6      | Found a burning altar of Makhleb.
  4186 | D:6      | Reached skill level 5 in Invocations
  4342 | D:6      | Noticed Dowan
  4377 | D:6      | Killed Dowan
  4598 | D:6      | Noticed Duvessa
  4613 | D:6      | Killed Duvessa
  4871 | D:7      | Reached **** piety under Okawaru
  4885 | D:7      | HP: 3/64 [steam dragon] (6)]
  5141 | D:7      | Noticed Prince Ribbit
  5152 | D:7      | Killed Prince Ribbit
  5153 | D:7      | Reached XP level 9. HP: 60/70 MP: 9/11
  5263 | D:7      | Found Sorin's Magic Scroll Boutique.
  5297 | D:7      | Found a sand-covered staircase.
  5301 | Ossuary  | Entered an ossuary
  5897 | D:7      | Found a staircase to the Ecumenical Temple.
  5942 | D:7      | Bought a scroll of identify for 24 gold pieces
  5942 | D:7      | Bought 3 scrolls of identify for 72 gold pieces
  6061 | D:7      | Found Xaduh's Antique Weapon Boutique.
  6062 | D:7      | Identified a scroll of acquirement
  6063 | D:7      | Acquired 340 gold pieces
  6352 | D:7      | Bought a glowing demon whip for 324 gold pieces
  6506 | D:8      | Found a flagged portal.
  6515 | Bailey   | Entered a bailey
  6548 | Bailey   | Reached skill level 1 in Armour
  6719 | Bailey   | Identified the +1 leather armour of Wuuwk {Fly Str-2 Dex+8
                  | Stlth-}
  6934 | Bailey   | Reached skill level 5 in Fighting
  7245 | D:8      | Found a basalt altar of Yredelemnul.
  7324 | D:8      | Reached skill level 5 in Dodging
  7345 | D:8      | Reached XP level 10. HP: 48/83 MP: 13/13
  7480 | D:8      | Noticed Maurice
  7497 | D:8      | Killed Maurice
  7604 | D:8      | Noticed Erica
  7619 | D:8      | Killed Erica
  7619 | D:8      | Reached ***** piety under Okawaru
  7620 | D:8      | Reached skill level 5 in Armour
  7780 | D:8      | Paralysed by a hornet for 2 turns
  7955 | D:8      | Noticed Pikel
  7964 | D:8      | Killed Pikel
  8173 | D:8      | Identified the -1 pair of gloves of Mubau {rF+ Will+ MP-9}
                  | (Okawaru gifted it to you on level 8 of the Dungeon)
  8173 | D:8      | Received a gift from Okawaru
  9161 | D:8      | Reached XP level 11. HP: 49/94 MP: 4/15
 10337 | D:9      | Found a blossoming altar of Fedhas.
 10387 | D:10     | Entered Level 10 of the Dungeon
 10660 | D:10     | Got Xaej's Reference Book on Entrancing Phlogiston
 11335 | D:10     | Found a staircase to the Orcish Mines.
 11411 | D:10     | Noticed a two-headed ogre
 11422 | D:10     | Killed a two-headed ogre
 11422 | D:10     | Identified the +1 chain mail of Nodgh {Will+} (Okawaru
                  | gifted it to you on level 10 of the Dungeon)
 11422 | D:10     | Received a gift from Okawaru
 11573 | Orc:1    | Entered Level 1 of the Orcish Mines
 11574 | Orc:1    | Noticed a two-headed ogre
 11888 | D:11     | Noticed Josephine
 11912 | D:11     | Killed Josephine
 12145 | D:11     | Found Icilal's Armour Shoppe.
 12183 | D:11     | Noticed a two-headed ogre
 12194 | D:11     | Killed a two-headed ogre
 12195 | D:11     | Reached skill level 10 in Fighting
 12331 | D:11     | Noticed a lindwurm
 12479 | D:11     | Noticed a two-headed ogre
 12488 | D:11     | Killed a two-headed ogre
 12556 | D:11     | Found a staircase to the Lair.
 12642 | D:11     | Reached XP level 12. HP: 106/106 MP: 7/16
 12680 | D:11     | Reached skill level 10 in Armour
 12809 | D:11     | Noticed a four-headed hydra
 12816 | D:11     | Killed a four-headed hydra
 12817 | D:11     | Reached skill level 10 in Dodging
 12897 | D:11     | Noticed a two-headed ogre
 12907 | D:11     | Killed a two-headed ogre
 13171 | D:12     | Received a gift from Okawaru
 13659 | D:12     | Noticed a boulder beetle
 13677 | D:12     | Killed a boulder beetle
 13678 | D:12     | Reached skill level 10 in Invocations
 13992 | D:12     | Noticed a vault guard
 14005 | D:12     | Killed a vault guard
 14009 | D:12     | Found a portal to a secret trove of treasure.
 14289 | D:2      | Bought the +12 demon whip of the Extremes {freeze, rElec}
                  | for 1107 gold pieces
 14606 | Lair:1   | Entered Level 1 of the Lair of Beasts
 14840 | Lair:1   | Noticed Joseph
 14854 | Lair:1   | Killed Joseph
 15073 | Lair:1   | Received a gift from Okawaru
 15595 | Lair:2   | Reached skill level 15 in Maces & Flails
 15736 | Lair:2   | Found a staircase to the Snake Pit.
 15739 | Lair:2   | Reached XP level 13. HP: 117/117 MP: 9/20
 16478 | Lair:3   | Found a staircase to the Swamp.
 16671 | Lair:3   | Reached ****** piety under Okawaru
 17428 | Lair:4   | Found a blossoming altar of Fedhas.
 17863 | Lair:5   | Entered Level 5 of the Lair of Beasts
 17964 | Lair:5   | Received a gift from Okawaru
 18205 | Lair:5   | Reached skill level 15 in Fighting
 18222 | Lair:5   | Identified the +5 chain mail of Zann {rF++ Stlth+}
 18493 | Lair:5   | Identified the +0 crystal plate armour of Ciufau {rF+ Dex+2
                  | Slay+3} (Okawaru gifted it to you on level 5 of the Lair of
                  | Beasts)
 18493 | Lair:5   | Received a gift from Okawaru
 18581 | Lair:5   | Noticed Urug
 18625 | Lair:5   | Killed Urug
 18629 | Lair:5   | Reached XP level 14. HP: 55/135 MP: 5/21
 19018 | Lair:5   | Found a staircase to the Slime Pits.
 20426 | Orc:1    | Noticed a frost giant
 20428 | Arena    | Entered the Arena
 20438 | Arena    | Killed a frost giant
 20541 | Orc:1    | Identified the +3 dagger "Inlisaga" {pain, Str+2}
 20777 | Orc:1    | Identified the +8 short sword of Tanyni {freeze, rC+ Str+4
                  | SInv}
 20895 | Orc:2    | Entered Level 2 of the Orcish Mines
 21134 | Orc:2    | Found a staircase to the Elven Halls.
 21141 | Orc:2    | Received a gift from Okawaru
 21356 | Orc:2    | Reached XP level 15. HP: 65/141 MP: 13/22
 21530 | Orc:2    | Found Roff's Antique Armour Boutique.
 21530 | Orc:2    | Found Fuwont's Antique Armour Shoppe.
 21531 | Orc:2    | Found Jugosoer's Distillery.
 21531 | Orc:2    | Found Eblerch's Assorted Antiques.
 21792 | Orc:2    | Bought a potion of might for 80 gold pieces
 21792 | Orc:2    | Bought a scroll of fear for 80 gold pieces
 21793 | Orc:2    | Bought 2 potions of might for 120 gold pieces
 21793 | Orc:2    | Bought a potion of haste for 150 gold pieces
 22135 | D:13     | Found a gate leading to a gauntlet.
 22144 | Gauntlet | Entered a Gauntlet
 22144 | Gauntlet | Found a transporter.
 22157 | Gauntlet | Found a transporter.
 22162 | Gauntlet | Found the +1 cloak of Starlight {*Dazzle EV+4 Stlth--}
 22168 | Gauntlet | Found a transporter.
 22173 | Gauntlet | Found a transporter.
 22188 | Gauntlet | Found a transporter.
 22207 | Gauntlet | Found a transporter.
 22209 | Gauntlet | Found the +2 cloak of the Thief {*Fog Slay-2 SInv Stlth+}
 22216 | Gauntlet | Found a transporter.
 22231 | Gauntlet | Found a transporter.
 22243 | Gauntlet | Found a transporter.
 22255 | Gauntlet | Found a transporter.
 22272 | Gauntlet | Found a transporter.
 22290 | Gauntlet | Found a transporter.
 22292 | Gauntlet | Found a transporter.
 22294 | Gauntlet | Found a runed translucent gate.
 22294 | Gauntlet | Found a runed translucent gate.
 22294 | Gauntlet | Found a runed translucent gate.
 22300 | Gauntlet | Found a large runed translucent door.
 22300 | Gauntlet | Found a large runed translucent door.
 22300 | Gauntlet | Found a large runed translucent door.
 22300 | Gauntlet | Found a large runed translucent door.
 22301 | Gauntlet | Found a large runed translucent door.
 22301 | Gauntlet | Found a large runed translucent door.
 22302 | Gauntlet | Found a large runed translucent door.
 22302 | Gauntlet | Found a large runed translucent door.
 22304 | Gauntlet | Found a large runed translucent door.
 22304 | Gauntlet | Found a large runed translucent door.
 22304 | Gauntlet | Found a runed translucent door.
 22304 | Gauntlet | Found a runed translucent door.
 22305 | Gauntlet | Found a large runed translucent door.
 22306 | Gauntlet | Found a large runed translucent door.
 22315 | Gauntlet | Found a large runed translucent door.
 22315 | Gauntlet | Found a large runed translucent door.
 22316 | Gauntlet | Found a large runed translucent door.
 22317 | Gauntlet | Found a large runed translucent door.
 22319 | Gauntlet | Found a transporter.
 22319 | Gauntlet | Found a transporter.
 22339 | Gauntlet | Found a transporter.
 22341 | Gauntlet | Found a transporter.
 22371 | Gauntlet | Found a transporter.
 22426 | Gauntlet | Identified the +10 broad axe of Conformity {heavy, rC+
                  | Str-4 Dex+4} (Okawaru gifted it to you in a Gauntlet)
 22426 | Gauntlet | Received a gift from Okawaru
 22485 | Gauntlet | Identified the +0 cloak of the Eternal Fruit {rElec Str-5
                  | Dex+4}
 23002 | D:13     | Identified the +4 dire flail of Execution {flame, Str+6}
                  | (Okawaru gifted it to you on level 13 of the Dungeon)
 23002 | D:13     | Received a gift from Okawaru
 23222 | D:13     | Found a burning altar of Makhleb.
 23223 | Arena    | Entered the Arena
 23250 | D:13     | Gained mutation: Armour fits poorly on your strangely
                  | shaped body. [a cacodemon]
 23283 | D:13     | Identified the +5 battleaxe "Ynuvelle" {flame, rF+ MP+9
                  | Dex+3}
 23594 | D:13     | Found a gate to the Vaults.
 23998 | D:13     | Received a gift from Okawaru
 24010 | D:13     | Identified the +8 demon trident of Courage {drain, rElec
                  | rF+}
 24116 | D:14     | Identified the +5 ring mail "Ulybeude" {Harm *Slow rCorr
                  | Dex+3}
 24130 | D:14     | Reached skill level 1 in Shields
 24158 | D:14     | Upgraded the game from 0.30.1-4-g462c640d31 to
                  | 0.30.1-5-ged363bc7ee
 24574 | D:14     | Reached skill level 5 in Shields
 24640 | D:14     | Noticed Azrael
 24659 | D:14     | Killed Azrael
 24704 | D:14     | Noticed Nessos
 24708 | Arena    | Entered the Arena
 24710 | Arena    | Killed Nessos
 24711 | Arena    | Reached XP level 16. HP: 116/149 MP: 6/23
 25389 | D:15     | Entered Level 15 of the Dungeon
 25686 | D:15     | Found a staircase to the Depths.
 25769 | D:15     | Identified the +0 morningstar of Radicalism {heavy, Contam
                  | rElec rPois rCorr} (Okawaru gifted it to you on level 15 of
                  | the Dungeon)
 25769 | D:15     | Received a gift from Okawaru
 25774 | D:15     | Reached skill level 10 in Shields
 26547 | Snake:1  | Entered Level 1 of the Snake Pit
 27147 | Snake:1  | Received a gift from Okawaru
 27495 | Snake:2  | Found Igu Wyfourch's Firing Range.
 27544 | Snake:2  | Bought 2 javelins for 72 gold pieces
 27822 | Snake:2  | Identified the +1 flail "Buikhe Poyti" {spect, rElec Will+}
                  | (Okawaru gifted it to you on level 2 of the Snake Pit)
 27822 | Snake:2  | Received a gift from Okawaru
 28571 | Snake:3  | Reached skill level 15 in Shields
 28584 | Snake:3  | Noticed Saint Roka
 28623 | Snake:3  | Killed Saint Roka
 28624 | Snake:3  | Reached XP level 17. HP: 45/156 MP: 7/24
 28742 | Snake:3  | Identified the +3 plate armour of Repulsion {Regen+ Dex-3
                  | SInv} (Okawaru gifted it to you on level 3 of the Snake
                  | Pit)
 28742 | Snake:3  | Received a gift from Okawaru
 29040 | Snake:3  | Found Ysifyur's Distillery.
 29043 | Snake:3  | Found Sas Fon's Magic Scroll Emporium.
 29043 | Snake:3  | Found Ifez's Antique Weapon Shoppe.
 29053 | Snake:3  | Found Gelyih's Armour Shoppe.
 29212 | Snake:3  | Bought a scroll of magic mapping for 112 gold pieces
 29212 | Snake:3  | Bought a scroll of brand weapon for 142 gold pieces
 29212 | Snake:3  | Bought 3 scrolls of magic mapping for 337 gold pieces
 29227 | Snake:3  | Bought 2 potions of might for 120 gold pieces
 29227 | Snake:3  | Bought a potion of haste for 150 gold pieces
 29227 | Snake:3  | Bought a potion of ambrosia for 120 gold pieces
 29227 | Snake:3  | Bought a potion of resistance for 150 gold pieces
 29227 | Snake:3  | Bought a potion of curing for 45 gold pieces
 29227 | Snake:3  | Bought 2 potions of curing for 90 gold pieces
 29230 | Snake:3  | Bought a scroll of fog for 60 gold pieces
 29230 | Snake:3  | Bought a scroll of fog for 60 gold pieces
 29257 | Snake:3  | Found Uzud's Book Emporium.
 29671 | Snake:4  | Entered Level 4 of the Snake Pit
 29896 | Snake:3  | Upgraded the game from 0.30.1-5-ged363bc7ee to
                  | 0.30.1-6-gbe392663c4
 30463 | Snake:4  | Received a gift from Okawaru
 30578 | Snake:4  | Reached skill level 15 in Dodging
 31168 | Snake:4  | Found Gysiuz's Book Shop.
 31168 | Snake:4  | Found Owi Unis's Jewellery Emporium.
 31169 | Snake:4  | Found Voomathrey's Jewellery Emporium.
 31584 | Snake:4  | Got a serpentine rune of Zot
 31688 | Snake:4  | Received a gift from Okawaru
 31973 | Swamp:1  | Entered Level 1 of the Swamp
 32042 | Swamp:1  | Reached XP level 18. HP: 168/168 MP: 16/25
 32048 | Swamp:1  | Acquired 640 gold pieces
 32050 | Swamp:1  | Reached XP level 19. HP: 143/178 MP: 17/26
 32632 | Swamp:1  | Acquired a manual of Stealth
 33356 | Swamp:2  | HP: 8/181 [poison (poison gas)]
 33361 | Swamp:2  | HP: 5/181 [poison (poison gas)]
 33512 | Swamp:2  | Received a gift from Okawaru
 33938 | Swamp:3  | Paralysed by a hornet for 1 turns
 34098 | Swamp:4  | Entered Level 4 of the Swamp
 35191 | Arena    | Entered the Arena
 35892 | Arena    | Entered the Arena
 36145 | Swamp:4  | Found a blossoming altar of Fedhas.
 36156 | Swamp:4  | Found a basalt altar of Yredelemnul.
 36285 | Swamp:4  | Got a decaying rune of Zot
 36756 | Lair:1   | Lost mutation: Armour fits poorly on your strangely shaped
                  | body. [potion of mutation]
 36756 | Lair:1   | Gained mutation: You are agile. (Dex +4, Str/Int -1)
                  | [potion of mutation]
 36756 | Lair:1   | Gained mutation: You expend magic power (3 MP) to
                  | strengthen your wands. [potion of mutation]
 36756 | Lair:1   | Gained mutation: Potions are less effective at restoring
                  | your health. [potion of mutation]
 36915 | Elf:1    | Entered Level 1 of the Elven Halls
 37065 | Elf:1    | Noticed Roxanne
 37093 | Elf:1    | Killed Roxanne
 37221 | Elf:2    | Found Xienysch's Distillery.
 37230 | Elf:2    | Identified the +4 mace "Yqust" {flame, Fly rElec Int+3}
                  | (Okawaru gifted it to you on level 2 of the Elven Halls)
 37230 | Elf:2    | Received a gift from Okawaru
 37238 | Elf:2    | Bought a potion of mutation for 136 gold pieces
 37238 | Elf:2    | Bought a potion of curing for 51 gold pieces
 37238 | Elf:2    | Bought a potion of might for 68 gold pieces
 37238 | Elf:2    | Bought a potion of haste for 170 gold pieces
 37250 | Arena    | Entered the Arena
 37495 | Elf:2    | Reached XP level 20. HP: 95/193 MP: 0/27
 37542 | Elf:2    | Found a frozen archway.
 37547 | IceCv    | Entered an ice cave
 38124 | IceCv    | Noticed a golden dragon
 38146 | IceCv    | Killed a golden dragon
 38256 | IceCv    | Identified the ring "Kaucrergh" {rElec MP-9 Int+2 Dex+6
                  | Stlth+}
 38408 | Abyss:2  | Cast into level 2 of the Abyss (a deep elf sorcerer)
 38409 | Abyss:2  | Found a corrupted altar of Lugonu.
 38431 | Abyss:2  | Found a corrupted altar of Lugonu.
 38500 | Abyss:2  | Found a corrupted altar of Lugonu.
 38578 | Abyss:2  | Found a corrupted altar of Lugonu.
 38621 | Abyss:2  | Found a corrupted altar of Lugonu.
 38649 | Abyss:2  | Found a corrupted altar of Lugonu.
 38812 | Elf:2    | Escaped the Abyss
 38914 | Elf:2    | Identified the +5 spear of the Five Stories {venom, Dex+3}
 39363 | Elf:2    | Found a runed translucent gate.
 39567 | Elf:3    | Entered Level 3 of the Elven Halls
 40248 | Elf:1    | Identified the +0 chain mail of Limited Liability {+Inv rN+
                  | Int+4}
 40293 | Elf:1    | Identified the +4 short sword of Iggetehi {protect, *Noise
                  | rElec Str+3}
 40330 | Arena    | Entered the Arena
 40351 | Elf:1    | Identified the +3 flail of Brawling {freeze, rPois Stlth+}
                  | (Okawaru gifted it to you on level 1 of the Elven Halls)
 40351 | Elf:1    | Received a gift from Okawaru
 40465 | Elf:1    | Found a runed translucent gate.
 40465 | Elf:1    | Found a runed translucent gate.
 40465 | Elf:1    | Found a runed translucent gate.
 40465 | Elf:1    | Found a runed translucent gate.
 40465 | Elf:1    | Found a runed translucent gate.
 40468 | Elf:1    | Found a runed translucent gate.
 40524 | Elf:1    | Found a radiant altar of Vehumet.
 41237 | Vaults:1 | Entered Level 1 of the Vaults
 41253 | Vaults:1 | Identified the +2 arbalest "Giantslayer" {drain, rPois
                  | Str+2}
 41593 | Vaults:1 | Reached skill level 15 in Armour
 42007 | Vaults:1 | Reached XP level 21. HP: 151/201 MP: 19/28
 42015 | Vaults:1 | Identified the +6 scale mail of the Zealous God {Dex+3}
                  | (Okawaru gifted it to you on level 1 of the Vaults)
 42015 | Vaults:1 | Received a gift from Okawaru
 42388 | Vaults:1 | Noticed a dread lich
 42425 | Vaults:1 | Found a shimmering blue altar of Sif Muna.
 42429 | Vaults:1 | Found a transporter.
 44136 | Vaults:3 | Received a gift from Okawaru
 44637 | Vaults:3 | Received a gift from Okawaru
 44805 | Vaults:3 | Identified the +0 pair of boots of Ferocious Miracles
                  | {rPois rC+ Int-5} (Okawaru gifted it to you on level 3 of
                  | the Vaults)
 44805 | Vaults:3 | Received a gift from Okawaru
 45020 | Vaults:3 | Found a staircase to the Crypt.
 45309 | Vaults:3 | Found a runed translucent gate.
 45309 | Vaults:3 | Found an opulent altar of Gozag.
 45309 | Vaults:3 | Found a runed translucent gate.
 45310 | Vaults:3 | Found a runed translucent gate.
 45310 | Vaults:3 | Noticed Switch's ghost (veteran DDFi)
 45800 | Vaults:4 | Reached XP level 22. HP: 210/213 MP: 20/29
 46155 | Vaults:4 | Upgraded the game from 0.30.1-6-gbe392663c4 to
                  | 0.30.1-9-gdf580d7c3d
 46232 | Vaults:4 | Received a gift from Okawaru
 46634 | Vaults:5 | Entered Level 5 of the Vaults
 46810 | Vaults:5 | Noticed an ancient lich
 46857 | Vaults:5 | Noticed a dread lich
 46860 | Arena    | Entered the Arena
 46863 | Arena    | Received a gift from Okawaru
 46870 | Vaults:5 | Noticed a golden dragon
 46886 | Vaults:4 | Killed a dread lich
 47200 | Depths:1 | Entered Level 1 of the Depths
 47590 | Depths:1 | Found a one-way gateway to a ziggurat.
 48024 | Abyss:2  | Found a corrupted altar of Lugonu.
 48024 | Abyss:2  | Cast into level 2 of the Abyss (a wizard)
 48128 | Abyss:2  | Found a corrupted altar of Lugonu.
 48155 | Abyss:2  | Found a corrupted altar of Lugonu.
 48433 | Abyss:2  | Lost intelligence.
 48437 | Abyss:2  | Gained mutation: Your magical capacity is low. (-10% MP) [a
                  | neqoxec]
 48464 | Abyss:2  | Paralysed by accursed screaming for 2 turns
 48477 | Depths:1 | Escaped the Abyss
 48522 | Depths:1 | Received a gift from Okawaru
 48838 | Depths:2 | Found a gateway to Hell.
 48876 | Depths:2 | Reached XP level 23. HP: 198/222 MP: 18/27
 48965 | Depths:2 | Found a one-way gate leading to the halls of Pandemonium.
 50093 | Arena    | Entered the Arena
 50366 | Depths:2 | Noticed a juggernaut
 50383 | Depths:2 | Killed a juggernaut
 50386 | Depths:2 | Noticed a caustic shrike
 50400 | Depths:2 | Killed a caustic shrike
 50467 | Depths:2 | Got Tufup's Exposition on the Snowflakes
 50470 | Depths:2 | Identified the staff of air "Geenn" {Contam rElec rPois
                  | rN++ rCorr}
 50615 | Depths:2 | Identified the +6 short sword of Disgust {vamp, rC+}
 50672 | Depths:2 | Identified the +1 long sword of Domoj {protect, Fragile
                  | rC+++ MP+9}
 51186 | Depths:3 | Noticed Vv
 51237 | Depths:3 | Killed Vv
 51501 | Depths:3 | Noticed a juggernaut
 51638 | Depths:3 | Noticed Boris
 51672 | Depths:3 | Killed Boris
 51690 | Depths:3 | Noticed a caustic shrike
 51708 | Depths:3 | Killed a caustic shrike
 51714 | Arena    | Entered the Arena
 52114 | Depths:3 | Paralysed by a floating eye for 4 turns
 52368 | Depths:3 | Reached XP level 24. HP: 235/235 MP: 18/27
 52740 | Depths:3 | Killed a juggernaut
 52859 | Depths:3 | Noticed the Enchantress
 53222 | Arena    | Entered the Arena
 53242 | Arena    | Killed the Enchantress
 53381 | Depths:3 | Noticed a juggernaut
 53392 | Depths:3 | Reached skill level 1 in Throwing
 53766 | Depths:3 | Reached skill level 5 in Throwing
 53833 | Depths:3 | Found a one-way gate to the infinite horrors of the Abyss.
 53987 | Depths:3 | Got Sif Muna's Dissertation on Niveous Arcane Weapons
 53993 | Depths:3 | Identified the +0 scale mail "Liecwil" {Dex+4}
 54032 | Depths:3 | Identified the +2 pair of gloves "Goodeal" {rC++ Int-2}
 54057 | Depths:3 | Killed a juggernaut
 54139 | Depths:3 | Reached skill level 1 in Stealth
 54217 | Depths:4 | Entered Level 4 of the Depths
 54217 | Depths:4 | Noticed Margery
 54219 | Arena    | Entered the Arena
 54232 | Arena    | Killed Margery
 54240 | Depths:4 | Noticed a juggernaut
 54269 | Depths:4 | Killed a juggernaut
 54269 | Depths:4 | Received a gift from Okawaru
 54275 | Depths:4 | Reached skill level 5 in Stealth
 54686 | Depths:4 | Found a gate to the Realm of Zot.
 55151 | Depths:4 | Found a radiant altar of Vehumet.
 55457 | Temple   | Entered the Ecumenical Temple
 56079 | Vaults:4 | Reached skill level 10 in Throwing
 56079 | Vaults:4 | Reached skill level 10 in Stealth
 56178 | Vaults:5 | Identified the +1 robe of Lalissufru {+Blink rC- Int+2}
 56191 | Vaults:5 | Killed an ancient lich
 56191 | Vaults:5 | Received a gift from Okawaru
 56251 | Vaults:5 | Reached XP level 25. HP: 96/243 MP: 16/27
 56299 | Vaults:5 | Received a gift from Okawaru
 56383 | Vaults:5 | Received a gift from Okawaru
 56616 | Vaults:5 | Identified the +3 chain mail of Tooblut {Will+ Int+3}
 56649 | Vaults:5 | Identified the +9 dagger of the Head {elec, Contam rPois
                  | rN+ SInv}
 56856 | Vaults:5 | Identified the staff of poison "Kayl" {rPois rN+ Will+}
 56958 | Vaults:5 | Got a silver rune of Zot
 56970 | Vaults:5 | Identified the staff of fire "Dirol" {rF+ Dex+2}
 56975 | Vaults:5 | Identified the staff of conjuration "Sauleoxann" {rPois
                  | rCorr Stlth+}
 57142 | Vaults:5 | Got the Compilation of Xenomorphic Pollution
 57299 | Vaults:5 | Identified the staff of fire "Kitsusm" {*Slow +Blink rF+
                  | rC+ Int+7}
 58011 | Zot:1    | Entered Level 1 of the Realm of Zot
 58361 | Zot:1    | Received a gift from Okawaru
 58458 | Zot:1    | Received a gift from Okawaru
 58681 | Zot:1    | Received a gift from Okawaru
 59490 | Zot:1    | Reached skill level 27 in Maces & Flails
 59538 | Zot:1    | Found a sparkling altar of Nemelex Xobeh.
 59721 | Zot:1    | Identified the +8 falchion of Miaphou Yptu {spect, +Blink
                  | Stlth+}
 59995 | Zot:2    | Noticed a Killer Klown
 60013 | Zot:2    | Killed a Killer Klown
 60013 | Zot:2    | Received a gift from Okawaru
 60244 | Zot:2    | Found the +4 dragonskin cloak
 60244 | Zot:2    | Noticed Tiamat
 60266 | Zot:2    | Received a gift from Okawaru
 60631 | Temple   | Fell from the grace of Okawaru
 60631 | Temple   | Became a worshipper of the Shining One
 60939 | Crypt:1  | Entered Level 1 of the Crypt
 60998 | Crypt:1  | Paralysed by something for 5 turns
 61191 | Crypt:1  | Reached * piety under the Shining One
 61307 | Crypt:1  | Reached ** piety under the Shining One
 61531 | Crypt:1  | Reached *** piety under the Shining One
 62284 | Crypt:2  | Reached **** piety under the Shining One
 62479 | Crypt:2  | Identified the +9 hand axe of the Hawk {heavy, rPois rF+
                  | Str-2}
 63057 | Crypt:3  | Entered Level 3 of the Crypt
 63066 | Crypt:3  | Reached XP level 26. HP: 260/260 MP: 9/27
 63095 | Crypt:3  | Reached ***** piety under the Shining One
 63102 | Crypt:3  | Found a staircase to the Tomb.
 63334 | Crypt:3  | Noticed Frederick
 63372 | Crypt:3  | Killed Frederick
 63627 | Crypt:3  | Reached ****** piety under the Shining One
 63660 | Crypt:3  | Reached skill level 27 in Fighting
 64499 | Temple   | Identified a +4 sacred scourge of holy wrath (a +2 demon
                  | whip of draining blessed by the Shining One)
 64499 | Temple   | Received a gift from the Shining One
 64501 | Temple   | Acquired a manual of Invocations
 65521 | Crypt:3  | Found an ancient bone altar of Kikubaaqudgha.
 67195 | Elf:3    | Identified the +8 quarterstaff "Widowermaker" {vamp, rElec
                  | Str+5 Int-3}
 67222 | Elf:3    | Identified the ring "Meihuf" {Int+3 Dex+6}
 67266 | Elf:3    | Identified the +2 quarterstaff of Truth {venom, rC+}
 67276 | Elf:3    | Got Anahin's Vellum of Contamination
 67653 | Slime:1  | Entered Level 1 of the Pits of Slime
 67765 | Lair:1   | Lost mutation: You expend magic power (3 MP) to strengthen
                  | your wands. [potion of mutation]
 67765 | Lair:1   | Lost mutation: You are agile. (Dex +4, Str/Int -1) [potion
                  | of mutation]
 67765 | Lair:1   | Lost mutation: Potions are less effective at restoring your
                  | health. [potion of mutation]
 67765 | Lair:1   | Gained mutation: Your natural rate of healing is unusually
                  | fast. [potion of mutation]
 67765 | Lair:1   | Gained mutation: You are dopey. (Int -2) [potion of
                  | mutation]
 67765 | Lair:1   | Gained mutation: You possess an exceptional clarity of
                  | mind. [potion of mutation]
 67766 | Lair:1   | Lost mutation: Your natural rate of healing is unusually
                  | fast. [potion of mutation]
 67766 | Lair:1   | Lost mutation: Your magical capacity is low. (-10% MP)
                  | [potion of mutation]
 67766 | Lair:1   | Gained mutation: You are partially covered in iridescent
                  | scales. (AC +2) [potion of mutation]
 67766 | Lair:1   | Lost mutation: You are dopey. (Int -2) [potion of mutation]
 68355 | Slime:2  | Was forgiven by Okawaru
 68632 | Slime:3  | Gained mutation: Armour fits poorly on your strangely
                  | shaped body. [a shining eye]
 68635 | Slime:3  | Gained mutation: Your spells are a little easier to cast,
                  | but a little less powerful. [a shining eye]
 68637 | Slime:3  | Gained mutation: You are weak. (Str -2) [a shining eye]
 68639 | Slime:3  | Gained mutation: Your body sometimes deteriorates upon
                  | taking damage. [a shining eye]
 68653 | Slime:3  | Gained mutation: You are very weak. (Str -4) [a shining
                  | eye]
 68655 | Slime:2  | Gained mutation: Your body often deteriorates upon taking
                  | damage. [a shining eye]
 69470 | Slime:4  | Gained mutation: You are clumsy. (Dex -2) [a shining eye]
 69474 | Slime:4  | Gained mutation: Your magical capacity is low. (-10% MP) [a
                  | shining eye]
 69477 | Slime:4  | Gained mutation: You do not regenerate when monsters are
                  | visible. [a shining eye]
 69977 | Slime:5  | Entered Level 5 of the Pits of Slime
 70001 | Slime:5  | Gained mutation: You are vulnerable to heat. (rF-) [a
                  | shining eye]
 70008 | Slime:5  | Noticed the Royal Jelly
 70101 | Slime:5  | Killed the Royal Jelly
 70279 | Slime:5  | Gained mutation: You are frail. (-10% HP) [a shining eye]
 70392 | Slime:5  | Slain by a rockslime

Illustrated notes

Levels and vault maps discovered:
D:1:      onia_arrival_zoo_common, layout_basic, st_stairs_12,
          minmay_octomino_j4
D:2:      layout_rooms, serial_shops, shop
D:3:      layout_rooms, lemuel_round_altar, mainiacjoe_overflow_cross_hatched,
          kennysheep_okawaru_gauntlet
D:4:      layout_rooms, serial_bayou, serial_bayou_crossing,
          serial_bayou_pond_b, serial_bayou_pond_c, serial_bayou_lagoon_a
D:5:      layout_cave_pools, mainiacjoe_overflow_catwalk,
          nicolae_uskayaw_suspiria, serial_column_ruins,
          column_ruins_columns_plus, column_ruins_open_small,
          column_ruins_open_large, column_ruins_open_small,
          column_ruins_open_small, column_ruins_grid_2, kennysheep_flooded_box,
          uniq_blork_the_orc
D:6:      layout_cave_pools, mainiacjoe_overflow_six_doors_small, minivault_22,
          uniq_duvessa
D:7:      layout_basic, minmay_temple_entry_fiery, serial_shops,
          kennysheep_mini, shop, nicolae_ossuary_entry_plus, uniq_prince_ribbit1
D:8:      layout_basic, lemuel_crystal_altar, enter_bailey_8, uniq_pikel,
          uniq_maurice, uniq_erica
D:9:      layout_cave_pools, fedhas_altar_4
D:10:     layout_loops_ring, david_orc_2
D:11:     hellmonk_destroyed_diamonds, layout_basic, lair_entry_dummy,
          serial_shops, shop, grunt_tough_drop, uniq_josephine
D:12:     layout_irregular_city, enter_trove_5, palyth_stone_intersect
D:13:     evilmike_makhleb_hellhole, layout_stronghold, david_vaults_1,
          gauntlet_entry_generic, drop_trap, st_stairs_13, grunt_decor_junction,
          nicolae_elevator_lobby_asterisk
D:14:     layout_layer_cave, blue_anna_alchemist, uniq_azrael, uniq_nessos
D:15:     gammafunk_enter_depths_forms, layout_basic,
          chequers_hall_statues_corner_a
Temple:   minmay_temple_curvy_branch
Lair:1:   layout_cave_pods, serial_bayou_shore_b, uniq_joseph
Lair:2:   layout_gridlike, minmay_snake_entry_guardpost_medium,
          infiniplex_staircase_pool, grunt_megastairs_4
Lair:3:   layout_cave_pods, minmay_swamp_entry_reptiles,
          gammafunk_lair_bear_cave
Lair:4:   layout_long_grid, basic_altar, nicolae_quartered_pool_little,
          infiniplex_staircase_pool_2
Lair:5:   evilmike_catoblepas_cave, layout_cellular_growth, slime_entry_1,
          serial_forest, infiniplex_forest_lined_2,
          infiniplex_forest_clump_curved, infiniplex_forest_lined_2,
          infiniplex_forest_clump_C, infiniplex_forest_straight_1,
          infiniplex_forest_diagonal, dpeg_oklob_1, uniq_urug
Swamp:1:  layout_basic_swamp, evilmike_swamp_ruin_house_1
Swamp:2:  layout_basic_swamp, nicolae_swamp_tree_isthmus
Swamp:3:  cheibrodos_swamp_tower_of_moss, layout_basic_swamp, serial_swamp_ruin,
          evilmike_swamp_ruin_house_3, evilmike_swamp_ruin_house_6,
          evilmike_swamp_ruin_house_5
Swamp:4:  byrel_swamp_growth_death_and_undeath, layout_basic_swamp, swamp_pool3,
          nicolae_swamp_vermiculated
Snake:1:  layout_misc_corridors
Snake:2:  layout_gridlike, nicolae_shop_firing_range
Snake:3:  layout_rooms, serial_shops, shop, grunt_megastairs_5,
          minmay_shoptagon, uniq_saint_roka
Snake:4:  grunt_snake_rune_pools, layout_basic, minmay_shop_grove
Slime:1:  layout_caves
Slime:2:  layout_caves
Slime:3:  layout_caves
Slime:4:  layout_caves
Slime:5
Orc:1:    giant_chief_lemuel, layout_diamond_mine
Orc:2:    st_orc_ogre_mass, layout_caves, mines2_david
Elf:1:    minmay_elf_arrival_summoners, layout_geoelf_octagon, basic_altar,
          orc_legates, uniq_roxanne
Elf:2:    elven_hall_of_blades_hangedman_original [nicolae_blade_bullseye],
          layout_geoelf_octagon, special_room [special_room_orc],
          portal_ice_cave_entry_pillars_three, serial_shops,
          nicolae_shop_industrial_runoff, nicolae_fountain_basement
Elf:3:    elf_hall, layout_geoelf_grid
Vaults:1: nicolae_vaults_closet_pinwheel_1, gammafunk_sealed_library,
          grunt_vaults_swirl, nicolae_vaults_rhombus_5,
          nicolae_vaults_little_squares_1, nicolae_vaults_shelves_hall,
          nicolae_vaults_diamond_2, vaults_room_fancy_cross,
          vaults_room_stairs_pillars, nicolae_vaults_network_quinsquares
          [nicolae_vaults_network_quincunx_subvault,
          nicolae_vaults_network_quincunx_subvault,
          nicolae_vaults_network_quincunx_subvault,
          nicolae_vaults_network_quincunx_subvault],
          nicolae_vaults_windows_and_doors_thing, vaults_room_door_ring,
          vaults_standard_mumra_x, layout_vaults_omnicross
Vaults:2: v_pattern_3, special_room_vaults [special_room_orc],
          ontoclasm_vaults_decontamination, v_misc_13, vaults_room_door_hall,
          vaults_room_pool, ontoclasm_vaults_fault, grunt_vaults_bifocal,
          nicolae_vaults_network_barrier, v_misc_15,
          nicolae_vaults_trapezoid_lopsided_4, v_misc_19, layout_vaults_omnibox
Vaults:3: ebering_ghost_gozag, minmay_crypt_entry_simple_corners,
          nicolae_vaults_security_offices_1, v_misc_11, v_misc_10,
          nicolae_vaults_sightless_eye, nicolae_vaults_network_s,
          nicolae_vaults_circle_grid_b, vaults_room_fours,
          layout_vaults_quadrants
Vaults:4: vaults_room_octagon, hangedman_vaults_trim,
          nicolae_vaults_offset_grid_hallway_3, nicolae_vaults_arrows,
          nicolae_vaults_little_guard_posts, hangedman_vaults_river_flow,
          vaults_room_fours, ontoclasm_vaults_bender, nicolae_vaults_octothorpe,
          layout_vaults_maze
Vaults:5
Crypt:1:  layout_misc_corridors, grunt_crypt_arrival_split
Crypt:2:  layout_rooms, minmay_misc_feat_ornament,
          nicolae_crypt_twisting_catacombs, nicolae_crypt_little_mausoleum
Crypt:3:  church_of_pain_bobbens, layout_chaotic_city,
          small_chamber_with_monster, ebering_dispersal_statue_hall,
          uniq_frederick
Depths:1: layout_gridville, enter_ziggurat_a, hellmouth_3,
          lightli_fourway_metalbox
Depths:2: kennysheep_large_vault, layout_cave_shapes, bh_walls_and_bars,
          pf_hell_entry_tar_river, rand_demon_pan_entry_3,
          minmay_staircase_bubble
Depths:3: box_level_dp, hell_entry, abyss_entry, uniq_boris, uniq_vv,
          uniq_enchantress
Depths:4: grunt_zot_entry_tricorne, layout_cave_pools,
          abyss_entry_small_statue_room, vehumet_crystals, hell_entry,
          uniq_margery
Zot:1:    hangedman_orp_of_zott, layout_cathedral_of_symmetry, st_stairs_11
Zot:2:    layout_onion_interference, grunt_megastairs_2, uniq_josephina,
          uniq_tiamat

Skill      XL: |  1  2  3  4  5  6  7  8  9 10 11 12 13 14 15 16 17 18 19 20 21 22 23 24 25 26 |
---------------+-------------------------------------------------------------------------------+-----
Maces & Flails | 4 5 6 8 9 10 13 14 15 17 21 23 24 27 | 27.0
Invocations    | 2 4 5 6 7 11 | 11.0
Armour         | 4 7 9 10 15 19 22 | 22.0
Fighting       | 5 8 10 11 15 16 17 20 21 23 25 27 | 27.0
Dodging        | 5 7 9 10 15 18 20 21 22 | 22.0
Shields        | 6 15 20 21 22 25 | 25.7
Throwing       | 10 | 10.0
Stealth        | 10 | 10.0

Action                     |  1- 3 |  4- 6 |  7- 9 | 10-12 | 13-15 | 16-18 | 19-21 | 22-24 | 25-27 || total
---------------------------+-------+-------+-------+-------+-------+-------+-------+-------+-------++-------
  Melee: Mace              |    46 |       |       |       |       |       |       |       |       ||    46
         Headbutt          |     8 |    19 |    94 |   208 |   276 |   262 |   723 |   891 |  1114 ||  3595
         Flail             |    18 |   109 |    38 |       |       |       |       |       |       ||   165
         Whip              |       |       |   316 |   310 |       |       |       |       |       ||   626
         Morningstar       |       |       |    14 |       |       |       |       |       |       ||    14
         Demon whip        |       |       |       |   332 |   950 |   993 |  2236 |  2296 |   199 ||  7006
         Eveningstar       |       |       |       |       |       |       |       |       |  2150 ||  2150
         Sacred scourge    |       |       |       |       |       |       |       |       |   189 ||   189
  Throw: Dart              |       |    22 |    36 |    49 |    24 |       |     1 |       |     2 ||   134
         Javelin           |       |       |     4 |     2 |    13 |    46 |   118 |    43 |    13 ||   239
         Throwing net      |       |       |       |       |     1 |       |     2 |       |       ||     3
 Invoke: Heroism           |       |       |     5 |     5 |     6 |    10 |    11 |    13 |    12 ||    62
         Finesse           |       |       |     2 |       |     5 |     3 |     3 |    12 |     7 ||    32
         Duel              |       |       |       |       |     3 |       |     4 |     5 |       ||    12
         Divine Shield     |       |       |       |       |       |       |       |       |    20 ||    20
         Cleansing Flame   |       |       |       |       |       |       |       |       |     7 ||     7
         Summon Divine War |       |       |       |       |       |       |       |       |     3 ||     3
         Brand Weapon With |       |       |       |       |       |       |       |       |     1 ||     1
  Evoke: Wand              |       |       |       |       |     2 |       |    29 |     1 |    23 ||    55
         Piece from Xom's  |       |       |       |       |       |       |     2 |     5 |       ||     7
    Use: Scroll            |     6 |     6 |    12 |     2 |     7 |     6 |     8 |     9 |    26 ||    82
         Potion            |     1 |     2 |     4 |     3 |     4 |    14 |    11 |    11 |    11 ||    61
   Stab: Invisible         |       |       |       |       |    15 |    17 |    38 |    68 |    73 ||   211
         Petrified         |       |       |       |       |     1 |       |       |       |       ||     1
         Held in net/web   |       |       |       |       |     2 |       |     1 |       |       ||     3
         Confused          |       |       |       |       |       |       |     5 |       |       ||     5
         Paralysed         |       |       |       |       |       |       |     1 |       |       ||     1
         Fleeing           |       |       |       |       |       |       |       |       |     1 ||     1
         Sleeping          |       |       |       |       |       |       |       |       |     1 ||     1
 Armour: Robe              |    13 |     8 |       |       |       |       |       |       |       ||    21
         Ring mail         |       |    27 |    83 |    55 |       |       |       |       |       ||   165
         Chain mail        |       |       |       |   130 |   208 |    73 |   266 |   424 |   370 ||  1471
         Plate armour      |       |       |       |       |       |   118 |       |       |       ||   118
         Crystal plate arm |       |       |       |       |       |     7 |   242 |       |       ||   249
  Dodge: Dodged            |    44 |    73 |   144 |   316 |   365 |   392 |   790 |  1154 |  1256 ||  4534
  Block: Buckler           |       |       |       |       |    27 |   347 |       |       |       ||   374
         Reflection        |       |       |       |       |     2 |    55 |       |       |       ||    57
         Kite shield       |       |       |       |       |       |    24 |  1224 |  1466 |  2312 ||  5026
